 Dungeon Crawl Stone Soup version 0.30.1-11-g7821555f0a (webtiles) character file.

Game seed: 14025714253300523606

2711 Peloso the Carver (level 9, -1/78 HPs)
             Began as a Minotaur Fighter on Nov 13, 2023.
             Was a Believer of Okawaru.
             Slain by Pikel
             ... wielding a +0 whip of electrocution
              (9 damage)
             ... on level 7 of the Dungeon.
             The game lasted 00:10:18 (7271 turns).

Peloso the Carver (Minotaur Fighter)                Turns: 7271, Time: 00:10:18

Health: -1/78      AC: 17    Str: 20 (22) XL:     9   Next: 39%
Magic:  8/8        EV:  6    Int:  2 (5)  God:    Okawaru [**....]
Gold:   165        SH:  5    Dex: 11 (13) Spells: 8/8 levels left

rFire   . . .        a - +1 long sword (holy)
rCold   . . .        d - +0 buckler
rNeg    . . .        x - +0 plate armour
rPois   .            (helmet restricted)
rElec   .            w - +2 cloak
rCorr   .            (no gloves)
SInv    .            (no boots)
Will    .....        (no amulet) Stlth
                     (no ring)
HPRegen 0.33/turn    (no ring)
MPRegen 0.11/turn

%: no passive effects
@: no status effects
A: horns 2, retaliatory headbutt
a: Renounce Religion, Heroism


You were on level 7 of the Dungeon.
You worshipped Okawaru.
Okawaru was pleased with you.
You visited 2 branches of the dungeon, and saw 8 of its levels.
You also visited: Sewer.

You collected 165 gold pieces.

Inventory:

Hand Weapons
 a - a +1 long sword of holy wrath (weapon)
 b - a +1 long sword
Armour
 c - a +0 cloak
 d - a +0 buckler (worn)
 h - a +0 chain mail
 w - a +2 cloak (worn)
 x - a +0 plate armour (worn)
Wands
 q - a wand of polymorph (13)
Scrolls
 g - a scroll of enchant armour {unknown}
 i - 6 scrolls of magic mapping
 l - a scroll of amnesia
 m - a scroll of vulnerability {unknown}
 p - a scroll of enchant weapon
 y - 2 scrolls of fog
 z - a scroll of identify
Potions
 e - a potion of invisibility
 f - a potion of might
 k - a potion of magic
 n - a potion of ambrosia
 o - 2 potions of haste
 r - a potion of mutation
 s - a potion of cancellation {unknown}
 t - 3 potions of degeneration
 u - a potion of heal wounds {unknown}
 v - 3 potions of flight


   Skills:
 + Level 6.9 Fighting
 + Level 10.2 Long Blades
 + Level 9.1 Armour
 + Level 1.5 Dodging
 + Level 1.3 Stealth
 + Level 6.0 Shields
 + Level 1.0 Invocations


You had 8 spell levels left.
You didn't know any spells.
Your spell library contained the following spells:

 Spells                   Type           Power      Damage    Failure   Level
 Apportation              Tloc           0%         N/A       100%        1
 Necrotise                Necr           0%         1d4       100%        1
 Sandblast                Erth           0%         2d4       100%        1
 Passwall                 Tmut/Erth      0%         N/A       100%        2
 Hailstorm                Conj/Ice       0%         3d3       100%        3
 Stone Arrow              Conj/Erth      0%         3d7       100%        3
 Ice Form                 Ice/Tmut       0%         N/A       100%        4
 Alistair's Intoxication  Tmut/Pois      0%         N/A       100%        5
 Summon Small Mammal      Summ           Unusable   N/A       N/A         1
 Simulacrum               Ice/Necr       Unusable   N/A       N/A         6

Dungeon Overview and Level Annotations

Branches:
Dungeon (7/15)             Temple (1/1) D:4           Sewer (visited)

Altars:
Ashenzari
Cheibriados
Dithmenos
Elyvilon
Fedhas
Gozag
Hepliaklqana
Kikubaaqudgha
Makhleb
Nemelex Xobeh
Okawaru
Qazlal
Ru
Sif Muna
Uskayaw
Wu Jian
Xom
Yredelemnul
The Shining One

Shops:
D:4 [

Annotations:
D:7 Pikel


Innate Abilities, Weirdness & Mutations

You have a pair of horns on your head.
You reflexively headbutt those who attack you in melee.


Message History

You completely miss Pikel. Your headbutt misses Pikel.
Pikel is almost dead.
Your attacks no longer feel as feeble.
Pikel hits you but does no damage. The grasping roots constrict you.
You hit Pikel.
Pikel is almost dead.
Pikel hits you but does no damage.
You are electrocuted!!
* * * LOW HITPOINT WARNING * * *
The grasping roots constrict you.
* * * LOW HITPOINT WARNING * * *
The grasping roots release their grip on you.
It was a potion of degeneration.
There was something very wrong with that liquid.
You feel weakened.
You feel dopey.
You feel clumsy.
You feel like a meek peon again. Pikel hits you but does no damage.
You are electrocuted!
* * * LOW HITPOINT WARNING * * *
You feel better. Pikel barely misses you.
You are confused.
You feel invigorated.
Pikel hits you with a +0 whip of electrocution.
* * * LOW HITPOINT WARNING * * *
Pikel attacks as you move away!
Pikel hits you with a +0 whip of electrocution.
* * * LOW HITPOINT WARNING * * *
Pikel zaps a wand.
The roots erupt in riotous growth!
The grasping roots grab you! The grasping roots constrict you.
* * * LOW HITPOINT WARNING * * *
You escape the roots grasp.
You feel less invigorated.
You feel less confused. Pikel hits you but does no damage.
Unknown command.
You hit Pikel but do no damage.
Pikel is almost dead.
Pikel says, "I'm sure they'll be treated well, anyway."
Pikel hits you with a +0 whip of electrocution.
* * * LOW HITPOINT WARNING * * *
You are electrocuted!
You die...

##...#..#
#..#.......... #.
.#..# #..#.....#....
.. ...### .#.5.......
. . #...#..
#..K..###... ....#.##
#........... ...
##....###.. #.#
####.###
#.#.#######.....#
#...@Ko5go..#.......
#.########..#...##...
#. #..##..# .. # #..#
o.# #..# ..# ...# .o#
##.# .# ...


You could see Pikel, a lemure, a gnoll bouda and 2 orcs.

Vanquished Creatures
  Sigmund (D:5)
  6 yaks (D:6)
  An orc warrior (D:6)
  3 black bears
  A lemure (D:7)
  A phantom (D:5)
  Blork the orc (D:5)
  2 scorpions
  2 bullfrogs
  6 wights (D:7)
  4 orc priests
  3 hounds
  A jelly (D:6)
  Crazy Yiuf (D:5)
  2 sleepcaps
  An orc wizard (D:6)
  12 adders
  6 river rats (Sewer)
  7 worms
  2 dart slugs
  13 orcs
  5 bats
  6 endoplasms
  6 giant cockroaches
  10 goblins
  3 hobgoblins
  3 jackals (D:2)
  6 quokkas
  3 ball pythons
  7 frilled lizards
  4 kobolds
  9 rats
138 creatures vanquished.

Vanquished Creatures (others)
  A human (D:5)
1 creature vanquished.

Grand Total: 139 creatures vanquished

Notes
Turn   | Place    | Note
-------+----------+-------------------------------------------
     0 | D:1      | Peloso the Minotaur Fighter began the quest for the Orb.
     0 | D:1      | Reached XP level 1. HP: 19/19 MP: 0/0
   176 | D:1      | Reached XP level 2. HP: 27/27 MP: 1/1
   515 | D:2      | Reached XP level 3. HP: 33/33 MP: 2/2
   541 | D:2      | Found an ornate altar of the Wu Jian Council.
   674 | D:2      | Noticed a scorpion
   686 | D:2      | Killed a scorpion
   687 | D:2      | Reached skill level 3 in Long Blades
   687 | D:2      | Reached XP level 4. HP: 13/41 MP: 3/3
  1359 | D:3      | Reached skill level 4 in Long Blades
  1359 | D:3      | Reached XP level 5. HP: 41/47 MP: 4/4
  1441 | D:3      | Reached skill level 5 in Armour
  1690 | D:3      | Found a hide-covered altar of Uskayaw.
  1956 | D:3      | Found a white marble altar of Elyvilon.
  1956 | D:3      | Found a sacrificial altar of Ru.
  2151 | D:4      | Found a snail-covered altar of Cheibriados.
  2158 | D:4      | Reached skill level 5 in Long Blades
  2158 | D:4      | Reached XP level 6. HP: 43/55 MP: 5/5
  2194 | D:4      | Found a glowing drain.
  2226 | Sewer    | Entered a sewer
  3250 | D:4      | Found a staircase to the Ecumenical Temple.
  3281 | Temple   | Entered the Ecumenical Temple
  3334 | Temple   | Became a worshipper of Warmaster Okawaru
  3551 | D:4      | Found Xaijil's Armour Shoppe.
  3882 | D:5      | Entered Level 5 of the Dungeon
  3948 | D:5      | Reached skill level 6 in Long Blades
  4018 | D:5      | Reached skill level 5 in Fighting
  4025 | D:5      | Reached skill level 5 in Shields
  4025 | D:5      | Reached XP level 7. HP: 39/61 MP: 6/6
  4197 | D:5      | Noticed Sigmund
  4206 | D:5      | Killed Sigmund
  4207 | D:5      | Reached skill level 1 in Dodging
  4273 | D:5      | Found a sparkling altar of Nemelex Xobeh.
  4322 | D:5      | Found an ancient bone altar of Kikubaaqudgha.
  4344 | D:5      | Noticed a human
  4346 | D:5      | Killed a human
  4418 | D:5      | Reached skill level 7 in Long Blades
  4690 | D:5      | Noticed Blork the orc
  4699 | D:5      | Killed Blork the orc
  5067 | D:5      | Reached * piety under Okawaru
  5445 | D:5      | Found a runed translucent door.
  5446 | D:5      | Noticed Crazy Yiuf
  5455 | D:5      | Killed Crazy Yiuf
  5663 | D:6      | Noticed a yak
  5666 | D:6      | Noticed a yak
  5668 | D:6      | Noticed a yak
  5672 | D:6      | Reached XP level 8. HP: 69/69 MP: 7/7
  5692 | D:6      | Reached skill level 8 in Long Blades
  5692 | D:6      | Reached skill level 1 in Stealth
  5720 | D:6      | Reached ** piety under Okawaru
  5721 | D:6      | Reached skill level 9 in Long Blades
  5940 | D:6      | Found a glowing golden altar of the Shining One.
  5940 | D:6      | Found an ornate altar of the Wu Jian Council.
  5957 | D:6      | Found a shimmering blue altar of Sif Muna.
  6027 | D:6      | Reached XP level 9. HP: 72/77 MP: 8/8
  7103 | D:7      | Reached skill level 10 in Long Blades
  7111 | D:7      | Reached skill level 1 in Invocations
  7216 | D:7      | Noticed Pikel
  7266 | D:7      | HP: 2/78 [Pikel/+0 whip of electrocution (11)]
  7271 | D:7      | Slain by Pikel

Illustrated notes

Levels and vault maps discovered:
D:1:      dpeg_arrival_three_smaller_balls, layout_rooms
D:2:      layout_basic, basic_altar, minmay_crystal_water,
          corexii_item_surrounded_by_moat
D:3:      layout_basic, nicolae_uskayaw_suspiria, nicolae_overflow_two_pavilions
D:4:      layout_loops_cross, nicolae_overflow_crystal_walls,
          minmay_temple_entry_proselytizer, serial_shops,
          nicolae_shop_just_a_little_nook, portal_sewer_entry_f
D:5:      layout_layer_cave, nemelex_diamond_rough_becter, tgw_kikubaaqudgha,
          nicolae_wormholes, uniq_blork_the_orc, uniq_sigmund,
          uniq_crazy_yiuf_cottage
D:6:      layout_basic, nicolae_sif_muna_condensation,
          gammafunk_temple_overflow_wave
D:7:      layout_basic, st_stairs_14, uniq_pikel
Temple:   eino_wide_crystal_templ

Skill      XL: |  1  2  3  4  5  6  7  8  9 |
---------------+----------------------------+-----
Fighting       | 4 5 6 |  6.9
Armour         | 4 5 6 7 8 9 |  9.1
Long Blades    | 3 4 5 6 7 9 10 | 10.2
Shields        | 4 5 6 |  6.0
Dodging        | 1 |  1.5
Stealth        | 1 |  1.3
Invocations    | 1 |  1.0

Action                     |  1- 3 |  4- 6 |  7- 9 || total
---------------------------+-------+-------+-------++-------
  Melee: Long sword        |    64 |   222 |   205 ||   491
         Headbutt          |    13 |    40 |    50 ||   103
 Invoke: Heroism           |       |       |     6 ||     6
    Use: Scroll            |       |    14 |     1 ||    15
         Potion            |       |       |     3 ||     3
 Armour: Scale mail        |    27 |    90 |     8 ||   125
         Chain mail        |       |       |    47 ||    47
         Plate armour      |       |       |    26 ||    26
  Dodge: Dodged            |    25 |    83 |    51 ||   159
  Block: Buckler           |    12 |    49 |    31 ||    92
